 Dungeon Crawl Stone Soup version 0.26-a0-597-gb535b0901c (webtiles) character file.

Game seed: 12404403038212117750

(classic levelgen) 2508 EnegeticOcto the Cleaver (level 9, 0/82 HPs)
             Began as a Deep Dwarf Fighter on Aug 26, 2020.
             Killed from afar by Dowan (10 damage)
             ... with a puff of frost
             ... on level 6 of the Dungeon.
             The game lasted 00:01:41 (2749 turns).

EnegeticOcto the Cleaver (Deep Dwarf Fighter)       Turns: 2749, Time: 00:01:41

Health: 0/82       AC: 11    Str: 22    XL:     9   Next: 28%
Magic:  0/0        EV:  4    Int: 10    God:
Gold:   199        SH: 10    Dex: 12    Spells: 8/8 levels left

rFire    . . .     SeeInvis +   a - +0 war axe
rCold    . . .     Faith    .   c - +0 kite shield
rNeg     + . .     Spirit   .   h - +0 plate armour
rPois    .         Reflect  .   (no helmet)
rElec    .         Harm     .   (no cloak)
rCorr    .                      (no gloves)
MR       +....                  (no boots)
Stlth    ..........             (no amulet)
HPRegen  0.00/turn              t - ring of positive energy
MPRegen  0.07/turn              n - ring of see invisible

@: non-regenerating, heavily drained
A: damage resistance, heal wounds, sense surroundings 2, no regeneration
a: Heal Wounds


You were on level 6 of the Dungeon.
You visited 1 branch of the dungeon, and saw 6 of its levels.

You collected 199 gold pieces.

Inventory:

Hand Weapons
 a - a +0 war axe (weapon)
Armour
 b - a +0 scale mail
 c - a +0 kite shield (worn)
 h - a +0 plate armour (worn)
Jewellery
 n - a ring of see invisible (right hand)
 t - a ring of positive energy (left hand)
Wands
 o - a wand of paralysis (8)
 z - a wand of polymorph (5)
Scrolls
 e - 3 scrolls of identify {unknown}
 k - a scroll of magic mapping {unknown}
 l - 2 scrolls of remove curse {unknown}
 r - a scroll of blinking {unknown}
 s - a scroll of random uselessness {unknown}
 u - 2 scrolls of amnesia {unknown}
 v - 2 scrolls of teleportation {unknown}
 y - a scroll of noise {unknown}
Potions
 d - 2 potions of might {@q3}
 g - 4 potions of degeneration {unknown}
 i - a potion of haste {unknown}
 j - a potion of mutation {unknown}
 m - 3 potions of stabbing {unknown}
 q - 2 potions of heal wounds {@q2}
 w - 2 potions of curing {unknown}


   Skills:
 + Level 5.8(3.0) Fighting
 * Level 9.0(6.0) Axes
 + Level 7.0(4.1) Armour
 + Level 7.0(4.1) Shields


You had 8 spell levels left.
You didn't know any spells.
Your spell library contained the following spells:

 Spells                   Type           Power        Failure   Level
 Summon Small Mammal      Summ           #...         100%        1
 Call Imp                 Summ           #.......     100%        2
 Call Canine Familiar     Summ           #.......     100%        3
 Summon Guardian Golem    Hex/Summ       #.......     100%        3
 Summon Ice Beast         Ice/Summ       #.......     100%        4
 Summon Lightning Spire   Summ/Air       #.......     100%        4


Dungeon Overview and Level Annotations

Branches:
Dungeon (6/15)
 Temple: D:4-7

Altars:
Elyvilon
Fedhas
Kikubaaqudgha
Nemelex Xobeh
Sif Muna
Xom
Zin

Annotations:
D:6 Dowan, Duvessa


Innate Abilities, Weirdness & Mutations

You are resistant to damage.
You can heal yourself by infusing magical energy.
You passively map the area around you.
You do not regenerate.


Message History

The ufetubus hits you. You block the ufetubus's attack. The ufetubus hits you.
The ufetubus hits you but does no damage.
You miss the ufetubus.
The ufetubus is heavily wounded.
You block the ufetubus's attack.
The ufetubus hits you but does no damage.
The ufetubus hits you.
The ufetubus hits you but does no damage.
You closely miss the ufetubus.
The ufetubus is heavily wounded.
You closely miss Dowan.
The ufetubus hits you but does no damage. x2
Dowan casts a spell at you. You resist with almost no effort.
You block the ufetubus's attack. x2
You miss the ufetubus.
The ufetubus is heavily wounded.
Your plate armour prevents you from hitting Dowan.
You block the ufetubus's attack. The ufetubus barely misses you.
Dowan hits you with a +0 dagger. You block the ufetubus's attack.
The ufetubus hits you.
Dowan points at you and mumbles some strange words.
The puff of flame hits you. You block Duvessa's attack.
You are too injured to fight recklessly!
You are too injured to fight recklessly!
You are too injured to fight recklessly!
You are too injured to fight recklessly!
You are too injured to fight recklessly!
You are too injured to fight recklessly!
You are too injured to fight recklessly!
You are too injured to fight recklessly!
You are too injured to fight recklessly!
You are too injured to fight recklessly!
You are too injured to fight recklessly!
You are too injured to fight recklessly!
You completely miss Dowan. You slash Duvessa! You hit the ufetubus.
You kill the ufetubus!
Dowan hits you but does no damage. You block Duvessa's attack.
You hit Dowan.
Dowan is lightly wounded.
You hit Duvessa.
Dowan points at Duvessa and mumbles some strange words.
Duvessa seems to speed up.
Duvessa gestures with her weapon.
You block Duvessa's attack.
You hit Dowan.
Dowan is moderately wounded.
You hit Duvessa. Duvessa hits you but does no damage.
Dowan hits you but does no damage. Duvessa hits you but does no damage.
Dowan completely misses you.
You hit Dowan.
Dowan is heavily wounded.
You hit Duvessa. Duvessa hits you but does no damage.
You block Duvessa's attack. You block Dowan's attack.
Your shield and plate armour prevent you from hitting Dowan.
Dowan is heavily wounded.
You hit Duvessa. Duvessa hits you with a +0 short sword.
Dowan casts a spell at you. The puff of flame hits you.
* * * LOW HITPOINT WARNING * * *
You block Duvessa's attack.
You miss Dowan.
Dowan is heavily wounded.
You barely miss Duvessa. You block Duvessa's attack.
Dowan hits you with a +0 dagger. Duvessa hits you with a +0 short sword.
You closely miss Dowan.
Dowan is heavily wounded.
You closely miss Duvessa. Duvessa hits you with a +0 short sword.
* * * LOW HITPOINT WARNING * * *
Dowan drinks a potion.
Dowan is healed!
You block Duvessa's attack. Dowan hits you with a +0 dagger.
* * * LOW HITPOINT WARNING * * *
You hit Dowan.
Dowan is moderately wounded.
You slash Duvessa! You block Duvessa's attack. Dowan hits you with a +0 dagger.
Duvessa closely misses you.
You hit Dowan.
Dowan is moderately wounded.
You barely miss Duvessa.
Duvessa says, "My weaknesses are his strengths!"
You block Duvessa's attack. Dowan hits you but does no damage.
You barely miss Dowan.
Dowan is moderately wounded.
You hit Duvessa but do no damage. You block Duvessa's attack.
Dowan gestures wildly while chanting.
Dowan blinks!
Duvessa hits you with a +0 short sword.
* * * LOW HITPOINT WARNING * * *
Duvessa hits you but does no damage. Duvessa hits you with a +0 short sword.
* * * LOW HITPOINT WARNING * * *
Dowan mumbles some strange words.
Dowan blinks!
Dowan casts a spell at you.
The puff of flame hits you but does no damage.
You block Duvessa's attack.
There is a white marble altar of Elyvilon here.
Dowan casts a spell at you. You resist with almost no effort.
Duvessa hits you with a +0 short sword.
* * * LOW HITPOINT WARNING * * *
Dowan points at you and mumbles some strange words.
The puff of frost hits you!
You die...

### #.## ########
#..# ##......## ##.##
##...e.@..### ##..#
##...........# #...#
#....._e.....# ....##
#...........## .....#
#...........# .....##
##..........#
#####.####.........##
#.............## *
##..............,


You could see Duvessa (fast) and Dowan.

Vanquished Creatures
  Pikel (D:6)
  A hippogriff (D:2)
  Eustachio (D:6)
  A sky beast (D:5)
  2 phantoms (D:5)
  4 ogres
  A lemure (D:6)
  Blork the orc (D:6)
  A bullfrog (D:6)
  4 scorpions
  3 killer bees (D:6)
  5 wights (D:6)
  A howler monkey (D:6)
  A bullfrog zombie (D:6)
  A centaur zombie (D:6)
  A bullfrog skeleton (D:6)
  3 hounds
  An orc priest (D:5)
  Ijyb (D:5)
  4 worker ants
  4 adders
  2 shadow imps
  4 ufetubi
  2 adder skeletons (D:4)
  2 dart slugs
  6 orcs
  3 giant cockroaches
  3 hobgoblins
  4 quokkas
  A bat (D:3)
  2 frilled lizards (D:3)
  A leopard gecko skeleton (D:5)
  A rat (D:1)
73 creatures vanquished.

Notes
Turn   | Place    | Note
-------+----------+-------------------------------------------
     0 | D:1      | EnegeticOcto the Deep Dwarf Fighter began the quest for the
                  | Orb.
     0 | D:1      | Reached XP level 1. HP: 20/20 MP: 1/1
   339 | D:2      | Noticed a hippogriff
   354 | D:2      | Killed a hippogriff
   354 | D:2      | Reached skill level 4 in Axes
   354 | D:2      | Reached XP level 2. HP: 18/28 MP: 2/2
   354 | D:2      | Reached XP level 3. HP: 22/34 MP: 3/3
   354 | D:2      | Reached XP level 4. HP: 27/42 MP: 4/4
   354 | D:2      | Reached XP level 5. HP: 31/49 MP: 5/5
   358 | D:2      | Noticed an angel
   359 | D:2      | Found a shimmering altar of Xom.
   367 | D:2      | Found a glowing silver altar of Zin.
   560 | D:3      | Found an ancient bone altar of Kikubaaqudgha.
   861 | D:4      | Noticed an ogre
   867 | D:4      | Noticed an ogre
   870 | D:4      | Killed an ogre
   870 | D:4      | Reached XP level 6. HP: 56/57 MP: 6/6
   886 | D:4      | Reached skill level 5 in Axes
  1365 | D:5      | Entered Level 5 of the Dungeon
  1365 | D:5      | Noticed Ijyb
  1377 | D:5      | Killed Ijyb
  1421 | D:5      | Found a white marble altar of Elyvilon.
  1464 | D:5      | Reached XP level 7. HP: 51/64 MP: 6/6
  1479 | D:5      | Reached skill level 5 in Shields
  1481 | D:5      | Reached skill level 5 in Armour
  1606 | D:5      | Reached skill level 6 in Axes
  1736 | D:5      | Found a blossoming altar of Fedhas.
  1829 | D:5      | Reached XP level 8. HP: 65/73 MP: 6/6
  1887 | D:5      | Reached skill level 7 in Axes
  2054 | D:6      | Noticed Eustachio
  2065 | D:6      | Reached skill level 5 in Fighting
  2091 | D:6      | Killed Eustachio
  2170 | D:6      | Noticed Pikel
  2171 | D:6      | Noticed Blork the orc
  2196 | D:6      | Found a sparkling altar of Nemelex Xobeh.
  2223 | D:6      | Killed Blork the orc
  2223 | D:6      | Reached skill level 8 in Axes
  2234 | D:6      | Killed Pikel
  2234 | D:6      | Gained mutation: You passively map the area around you.
                  | [Deep Dwarf growth]
  2234 | D:6      | Reached XP level 9. HP: 45/81 MP: 6/6
  2459 | D:6      | Reached skill level 9 in Axes
  2626 | D:6      | Found a shimmering blue altar of Sif Muna.
  2726 | D:6      | Found a white marble altar of Elyvilon.
  2727 | D:6      | Noticed Dowan
  2728 | D:6      | Noticed Duvessa
  2749 | D:6      | Killed from afar by Dowan

Illustrated notes

Levels and vault maps discovered:
D:1:      lightli_arrival_noodles, layout_loops_corners
D:2:      layout_loops_corners, grunt_temple_overflow_order_and_chaos_1
D:3:      layout_basic, lemuel_zombie_altar_yredelemnul,
          nicolae_overflow_crystal_walls, serial_rivers,
          chequers_serial_rivers_room_a, chequers_serial_rivers_micro_a,
          chequers_serial_rivers_small_b, chequers_serial_rivers_small_3,
          chequers_serial_rivers_large_a, chequers_serial_rivers_micro_d
D:4:      layout_basic, grunt_ministairs_10
D:5:      layout_basic, overflow_temple_1_default, fedhas_altar_1, uniq_ijyb
D:6:      layout_cave_pods, nemelex_xobeh_ov_fountains_minmay,
          kennysheep_mini_moat, basic_altar, uniq_blork_the_orc, uniq_pikel,
          uniq_duvessa, uniq_eustachio

Skill      XL: |  1  2  3  4  5  6  7  8  9 |
---------------+----------------------------+-----
Fighting       | 3 4 5 |  5.8
Axes           | 4 5 6 8 9 |  9.0
Armour         | 4 5 6 7 |  7.0
Shields        | 4 5 6 7 |  7.0

Action                   |  1- 3 |  4- 6 |  7- 9 || total
-------------------------+-------+-------+-------++-------
Melee: War axe           |    19 |    99 |   259 ||   377
 Abil: Heal Wounds       |     1 |     6 |    12 ||    19
Armor: Plate armour      |    15 |    38 |   202 ||   255
       Scale mail        |     5 |       |       ||     5
Dodge: Dodged            |     9 |    11 |    66 ||    86
Block: Kite shield       |    16 |    50 |   195 ||   261

Table legend: (Time is in decaauts)
 A = Elapsed time spent in this place.
 B = Non-inter-level travel time spent in this place.
 C = Inter-level travel time spent in this place.
 D = Time resting spent in this place.
 E = Time spent auto-exploring this place.
 F = Levels seen in this place.
 G = Mean time per level.
                   A        B        C        D        E       F      G
               +--------+--------+--------+--------+--------+-----+--------+
         Total |   2841 |   2686 |    155 |      0 |   1954 |   6 |  473.5 |
       Dungeon |   2841 |   2686 |    155 |      0 |   1954 |   6 |  473.5 |
               +--------+--------+--------+--------+--------+-----+--------+

Top non-repeatable levels by time:
     D:6: 794 daAuts
     D:4: 662 daAuts
     D:5: 651 daAuts
     D:2: 484 daAuts
     D:3: 214 daAuts
     D:1: 34 daAuts
